 Dungeon Crawl Stone Soup version 0.21.1-1-g345015fe64 (webtiles) character file.

161 ghte the Ruffian (level 5, -3/50 HPs)
             Began as a Troll Fighter on June 16, 2018.
             Killed by nerve-wracking pain
             ... invoked by Sapher's ghost
              (11 damage)
             ... on level 3 of the Dungeon.
             The game lasted 00:14:28 (1742 turns).

ghte the Ruffian (Troll Fighter)                    Turns: 1742, Time: 00:14:28

Health: -3/50      AC:  5    Str: 25    XL:     5   Next: 18%
Magic:  4/4        EV:  8    Int:  4    God:
Gold:   89         SH:  9    Dex:  9    Spells: 4/4 levels left

rFire    . . .     SeeInvis .   l - +2 dagger (venom)
rCold    . . .     Gourm    +   b - +0 shield
rNeg     . . .     Faith    .   a - +0 robe
rPois    .         Spirit   .   (helmet restricted)
rElec    .         Reflect  .   (no cloak)
rCorr    .         Harm     .   (gloves unavailable)
MR       .....                  (boots unavailable)
Stlth    +.........             (no amulet)
HPRegen  0.56/turn              (no ring)
MPRegen  0.09/turn              (no ring)

@: no status effects
A: large, unfitting armour, claws 3, fast metabolism 3, gourmand, regeneration
1, shaggy fur 1, tough skin 2
a: no special abilities


You were on level 3 of the Dungeon.
You were very full.

You visited 1 branch of the dungeon, and saw 3 of its levels.

You collected 89 gold pieces.

Inventory:

Hand Weapons
 l - a +2 dagger of venom (weapon)
Missiles
 f - 8 tomahawks (quivered)
Armour
 a - a +0 robe (worn)
 b - a +0 shield (worn)
Jewellery
 o - an uncursed ring of wizardry {unknown}
Scrolls
 g - a scroll of fear {unknown}
 j - 2 scrolls of identify {unknown}
 m - 2 scrolls of remove curse {unknown}
Potions
 c - a potion of might
 e - a potion of invisibility {unknown}
 h - 3 potions of curing {unknown}
 i - 2 potions of agility {unknown}
 k - a potion of mutation {unknown}
 n - a potion of heal wounds {unknown}
 q - 2 potions of cancellation {unknown}
Comestibles
 d - 3 rations


   Skills:
 + Level 2.7 Fighting
 + Level 0.1 Short Blades
 + Level 0.5 Throwing
 + Level 3.0 Dodging
 + Level 0.2 Stealth
 + Level 3.1 Shields
 + Level 3.7 Unarmed Combat


You had 4 spell levels left.
You didn't know any spells.

Dungeon Overview and Level Annotations

Branches:
Dungeon (3/15)

Altars:
Ashenzari

Annotations:
D:3 Sapher's ghost, weakling GnNe


Innate Abilities, Weirdness & Mutations

You are too large for most types of armour.
You have claws for hands.
Your metabolism is lightning-fast.
You like to eat raw meat.
Your natural rate of healing is unusually fast.
You are covered in fur. (AC +1)
You have very tough skin. (AC +2)


Message History

Pain shoots through your body!
You hit Sapher's ghost.
Sapher's ghost is heavily damaged.
Sapher's ghost hits you but does no damage.
You barely miss Sapher's ghost.
Sapher's ghost is heavily damaged.
Sapher's ghost says, "They lied to you.
The Dungeon just goes down and down forever."
Sapher's ghost casts a spell at you. Pain shoots through your body!
Sapher's ghost points at you and mumbles some strange words.
Pain shoots through your body!
Sapher's ghost gestures at you while chanting.
Pain shoots through your body!
* * * LOW HITPOINT WARNING * * *
There is a stone staircase leading up here.
You can't go down here!
Sapher's ghost whispers, "You will understand me better in a moment."
Sapher's ghost gestures at you while chanting.
Pain shoots through your body!
You die...

.## #.. ...#.# ##
#..... .# #
..#.##.# .#.
$...#.## .... ...
..# #.... #.# ..#
..#...#.##..#
.......W.@..#####
%.#.#.#.#........
#..#...#.#.##.
##.........#
#.....#.#.#
.#....$....#
..#......####
###....### ....S


You could see Sapher's ghost.

Vanquished Creatures
  An orc priest (D:2)
  An orc wizard (D:2)
  4 adders (D:2)
  A worm (D:2)
  6 dart slugs
  4 leopard geckos
  An orc (D:2)
  4 giant cockroaches
  3 goblins
  8 hobgoblins (D:1)
  5 kobolds (D:1)
  6 bats
  2 frilled lizards
  6 rats (D:1)
52 creatures vanquished.

Notes
Turn   | Place    | Note
-------+----------+-------------------------------------------
     0 | D:1      | ghte the Troll Fighter began the quest for the Orb.
     0 | D:1      | Reached XP level 1. HP: 22/22 MP: 0/0
    82 | D:1      | Reached XP level 2. HP: 29/29 MP: 1/1
   139 | D:1      | Found a shattered altar of Ashenzari.
   639 | D:1      | Reached XP level 3. HP: 36/36 MP: 2/2
   998 | D:2      | Reached XP level 4. HP: 38/44 MP: 3/3
  1335 | D:2      | Reached XP level 5. HP: 50/50 MP: 4/4
  1727 | D:3      | Noticed Sapher's ghost (weakling GnNe)
  1742 | D:3      | Killed from afar by Sapher's ghost

Skill      XL: |  1  2  3  4 |
---------------+-------------+-----
Unarmed Combat | 3 |  3.7
Dodging        | 3 |  3.0
Shields        | 3 |  3.1
Fighting       | |  2.7
Short Blades   | |  0.1
Throwing       | |  0.5
Stealth        | |  0.2

Action                   |  1- 3 |  4- 6 || total
-------------------------+-------+-------++-------
Melee: Unarmed           |   113 |    11 ||   124
       Dagger            |       |    42 ||    42
Throw: Tomahawk          |     5 |       ||     5
  Eat: Chunk             |    15 |     5 ||    20
Armor: Robe              |    27 |    18 ||    45
Dodge: Dodged            |    36 |    14 ||    50
Block: Shield            |    45 |    22 ||    67
